 Dungeon Crawl Stone Soup version 0.19.5 (webtiles) character file.

1644 juanjsm the Covert (level 8, 0/41 HPs)
             Began as a Spriggan Enchanter on Mar 15, 2017.
             Slain by Haddockses's ghost (11 damage)
             ... on level 6 of the Dungeon.
             The game lasted 00:18:28 (4812 turns).

juanjsm the Covert (Spriggan Enchanter)             Turns: 4812, Time: 00:18:29

Health: 0/41       AC:  4    Str:  4    XL:     8   Next: 67%
Magic:  5/17       EV: 22    Int: 19    God:
Gold:   229        SH:  0    Dex: 16    Spells: 4 memorised, 9 levels left

rFire  . . .     SeeInvis +     a - +1 dagger
rCold  . . .     Gourm    .     b - +1 robe
rNeg   . . .     Faith    .     (shield restricted)
rPois  .         Spirit   .     w - +1 hat
rElec  .         Reflect  .     (no cloak)
rCorr  .         Harm     .     (gloves unavailable)
MR     +....                    (boots unavailable)
Stlth  ++++......               (no amulet)
                                (no ring)
                                (no ring)

@: very quick
A: unfitting armour, see invisible, herbivore 3, speed 3, slow metabolism 2
a: no special abilities


You were on level 6 of the Dungeon.
You were not hungry.

You visited 1 branch of the dungeon, and saw 6 of its levels.

You collected 229 gold pieces.

Inventory:

Hand Weapons
 a - a +1 dagger (weapon)
 s - a +2 short sword of speed
 u - a +1 antimagic dagger
Armour
 b - a +1 robe (worn)
 w - a +1 hat (worn)
Wands
 m - a wand of iceblast (9/15)
Scrolls
 e - 2 scrolls of noise {unknown}
 f - 2 scrolls of fog {unknown}
 h - 6 scrolls of identify {unknown}
 j - 2 scrolls of remove curse {unknown}
 o - a scroll of immolation {unknown}
 q - 2 scrolls of magic mapping {unknown}
 r - a scroll of teleportation {unknown}
 v - a scroll of enchant weapon {unknown}
Potions
 g - 3 potions of curing {unknown}
 i - a potion of beneficial mutation {unknown}
 k - 2 potions of invisibility {unknown}
 l - a potion of might {unknown}
 n - 2 potions of mutation {unknown}
 p - a potion of lignification {unknown}
 t - 2 potions of brilliance {unknown}
 x - a potion of agility {unknown}
 z - a potion of heal wounds {unknown}
Books
 c - a book of Maledictions

   Spells                             Type                      Level
   a - Corona                         Hexes                        1
   b - Ensorcelled Hibernation        Hexes/Ice                    2
   c - Confuse                        Hexes                        3
   d - Tukima's Dance                 Hexes                        3
   e - Dazzling Spray                 Conjuration/Hexes            3
Comestibles
 d - 4 bread rations


   Skills:
 + Level 3.6 Fighting
 + Level 4.9 Short Blades
 + Level 7.1 Dodging
 + Level 8.4 Stealth
 + Level 5.6 Spellcasting
 + Level 6.5 Hexes


You had 9 spell levels left.
You knew the following spells:

 Your Spells              Type           Power        Failure   Level  Hunger
a - Corona                Hex            ####...      1%          1    None
b - Ensorcelled Hibernat  Hex/Ice        ###...       6%          2    None
c - Confuse               Hex            ####....     2%          3    ##.....
d - Dazzling Spray        Conj/Hex       ###...       12%         3    ##.....


Dungeon Overview and Level Annotations

Branches:
Dungeon (6/15)
 Temple: D:4-7

Altars:

Annotations:
D:6 Haddockses's ghost, amateur GrBe


Innate Abilities, Weirdness & Mutations

You are very small and have problems with some larger weapons.
You are too small for most types of armour.
You have supernaturally acute eyesight. (SInv)
You are a herbivore.
You cover ground extremely quickly.
You need consume almost no food.


Message History

Aiming: Confuse
Press: ? - help, Shift-Dir - straight line, f - Haddockses's ghost
Aim: Haddockses's ghost (chance to defeat MR: 41%) Haddockses's ghost resists with some effort.
Casting: Confuse
Confirm with . or Enter, or press ? or * to list all spells.
Aiming: Confuse
Press: ? - help, Shift-Dir - straight line, f/p - Haddockses's ghost
Aim: Haddockses's ghost (chance to defeat MR: 41%) Haddockses's ghost resists with some effort.
Haddockses's ghost hits you!
* * * LOW HITPOINT WARNING * * *
Casting: Confuse
Confirm with . or Enter, or press ? or * to list all spells.
Aiming: Confuse
Press: ? - help, Shift-Dir - straight line, f/p - Haddockses's ghost
Aim: Haddockses's ghost (chance to defeat MR: 41%) Haddockses's ghost resists with some effort.
Haddockses's ghost hits you!
You die...

...#.#.#.#....
..........<..
#.#.#.#.#....
#............
#.#.#.#.#....
###............
.##...#.#.#.#....
#..........@W....# ..#
####...###..## #.#
##..### ..# #.#
##.....##..#
#.####..###....#
##..#...## #....# . ###
#.....### #.<..####..
...##...#..##
##..........
#......####..##....#....#


You could see Haddockses's ghost.

Vanquished Creatures
  The ghost of Dustman the Carver, a novice HEGl (D:5)
  Duvessa (D:4)
  3 phantoms
  2 sky beasts
  Dowan (D:4)
  A scorpion (D:5)
  A howler monkey (D:4)
  3 orc priests
  An orc wizard (D:5)
  A centaur skeleton (D:4)
  5 bullfrog skeletons
  2 iguanas
  3 worker ants
  2 hound skeletons
  A gnoll (D:5)
  4 adders
  An adder skeleton (D:6)
  2 worms
  A dart slug (D:2)
  4 leopard geckos
  15 orcs
  6 giant cockroaches
  9 hobgoblins
  7 jackals
  7 kobolds
  4 quokkas
  A ball python (D:2)
  3 bats
  3 frilled lizards
  4 goblins
  10 rats
109 creatures vanquished.

Notes
Turn   | Place    | Note
-------+----------+-------------------------------------------
     0 | D:1      | juanjsm the Spriggan Enchanter began the quest for the Orb.
     0 | D:1      | Reached XP level 1. HP: 9/9 MP: 5/5
   252 | D:1      | Reached XP level 2. HP: 11/13 MP: 4/6
   261 | D:1      | Learned a level 2 spell: Ensorcelled Hibernation
   945 | D:2      | Reached XP level 3. HP: 17/17 MP: 5/8
  1061 | D:2      | Reached skill level 1 in Fighting
  1575 | D:3      | Reached XP level 4. HP: 21/22 MP: 2/9
  1580 | D:3      | Learned a level 3 spell: Confuse
  1584 | D:3      | Learned a level 3 spell: Dazzling Spray
  1662 | D:3      | You fall through a shaft for 2 floors!
  1662 | D:5      | Entered Level 5 of the Dungeon
  1662 | D:5      | Noticed Dustman's ghost (novice HEGl)
  1713 | D:3      | Reached skill level 5 in Stealth
  2050 | D:4      | Reached XP level 5. HP: 26/26 MP: 1/11
  2519 | D:4      | Noticed a sky beast
  2531 | D:4      | Killed a sky beast
  2531 | D:4      | Reached skill level 6 in Stealth
  2531 | D:4      | Reached XP level 6. HP: 30/30 MP: 2/12
  2662 | D:4      | Noticed Dowan
  2668 | D:4      | Noticed Duvessa
  2673 | D:4      | Killed Dowan
  2673 | D:4      | Reached skill level 5 in Hexes
  2713 | D:4      | HP: 1/30 [Duvessa/rapier (11)]
  3083 | D:4      | Reached skill level 5 in Dodging
  3297 | D:4      | Killed Duvessa
  3297 | D:4      | Reached XP level 7. HP: 35/35 MP: 5/14
  3417 | D:5      | Reached skill level 7 in Stealth
  4064 | D:5      | Reached XP level 8. HP: 39/40 MP: 11/16
  4666 | D:5      | Killed Dustman's ghost
  4666 | D:5      | Reached skill level 8 in Stealth
  4666 | D:5      | Reached skill level 5 in Spellcasting
  4802 | D:6      | Noticed Haddockses's ghost (amateur GrBe)
  4812 | D:6      | Slain by Haddockses's ghost

Skill      XL: |  1  2  3  4  5  6  7  8 |
---------------+-------------------------+-----
Spellcasting   | 3 4 5 |  5.6
Hexes          | 4 5 6 |  6.5
Fighting       | 1 2 3 |  3.6
Stealth        | 5 6 7 8 |  8.4
Dodging        | 4 5 6 7 |  7.1
Short Blades   | 2 3 4 |  4.9

Action                   |  1- 3 |  4- 6 |  7- 9 || total
-------------------------+-------+-------+-------++-------
Melee: Dagger            |    84 |   137 |   182 ||   403
 Cast: Corona            |     4 |       |       ||     4
       Ensorcelled Hiber |    28 |    32 |    30 ||    90
       Confuse           |       |     9 |    24 ||    33
       Dazzling Spray    |       |     1 |     1 ||     2
 Stab: Sleeping          |    27 |    21 |    21 ||    69
       Confused          |       |     8 |    16 ||    24
       Invisible         |       |       |     1 ||     1
  Eat: Pizza             |       |     2 |       ||     2
       Bread ration      |       |       |     1 ||     1
       Fruit             |       |       |     1 ||     1
Armor: Robe              |    14 |     9 |    15 ||    38
Dodge: Dodged            |    73 |   100 |   108 ||   281
